Map: Last Remnant

Players

Jeff - Winner!

  • Race: Protoss Protoss
  • Spawn Location: 6:00

jcart

  • Race: Zerg Zerg
  • Spawn Location: 12:00

VOD

Have the link to the VOD?

Description

Time

  • Played on: Jan. 29, 2018, 7:04 p.m.
  • Length: 18:46
Show
View Real Time Build Order
Export as new Build Order

Jeff Protoss - Winner!

Build Orders: 1 Gate Expand 

Get SALT Encoding   

  12  0:01  Probe  
  13  0:15  Probe  
  14  0:25  Pylon  
  14  0:27  Probe  
  15  0:43  Probe (Chrono Boost)  
  15  0:44  Gateway  
  16  0:50  Assimilator  
  16  0:55  Probe (Chrono Boost)  
  17  1:02  Probe (Chrono Boost)  
  18  1:10  Probe  
  19  1:22  Probe  
  20  1:35  Nexus  
  20  1:41  Probe  
  20  1:46  Cybernetics Core  
  21  2:01  Probe  
  22  2:12  Assimilator  
  22  2:13  Probe  
  23  2:22  Pylon  
  23  2:30  Pylon  
  23  2:40  Probe  
  24  2:47  Nexus  
  24  2:48  Probe (Chrono Boost)  
  25  2:54  Probe (Chrono Boost)  
  26  2:59  Warp Gate  
  26  3:00  Probe (Chrono Boost)  
  26  3:03  Probe (Chrono Boost)  
  28  3:07  Pylon  
  28  3:10  Probe  
  28  3:12  Probe  
  30  3:20  Stalker  
  30  3:24  Probe  
  30  3:26  Probe  
  34  3:37  Probe  
  35  3:45  Probe  
  36  3:49  Probe  
  36  3:55  Gateway  
  37  3:56  Gateway  
  37  4:03  Gateway  
  37  4:09  Pylon  
  37  4:12  Stalker (Chrono Boost)  
  37  4:16  Probe (Chrono Boost)  
  42  4:19  Probe x2 (Chrono Boost)  
  42  4:26  Assimilator  
  42  4:27  Probe (Chrono Boost)  
  42  4:28  Assimilator  
  45  4:31  Probe x2 (Chrono Boost)  
  45  4:39  Stalker (Chrono Boost)  
  47  4:49  Stalker (Chrono Boost)  
  53  4:55  Stalker (Chrono Boost)  
  53  4:58  Stalker (Chrono Boost)  
  53  5:14  Stalker (Chrono Boost)  
  53  5:17  Probe x3  
  58  5:37  Probe  
  58  5:38  Probe x2  
  60  5:47  Stalker x2  
  60  5:48  Stalker  
  62  5:55  Probe x3  
  65  6:08  Probe x3 (Chrono Boost), Forge  
  68  6:12  Forge  
  68  6:21  Probe (Chrono Boost)  
  68  6:24  Assimilator  
  71  6:26  Probe x2 (Chrono Boost)  
  71  6:27  Assimilator  
  71  6:29  Nexus  
  71  6:34  Pylon  
  71  6:36  Pylon  
  71  6:40  Pylon  
  71  6:48  Protoss Ground Armor Level 1 (Chrono Boost), Protoss Ground Weapons Level 1 (Chrono Boost)  
  71  6:53  Probe x3  
  74  6:59  Gateway  
  74  7:01  Gateway  
  74  7:03  Gateway  
  74  7:05  Gateway  
  74  7:08  Gateway  
  74  7:10  Photon Cannon  
  74  7:12  Photon Cannon  
  74  7:14  Photon Cannon  
  74  7:15  Photon Cannon  
  74  7:17  Photon Cannon  
  74  7:19  Photon Cannon  
  74  7:22  Photon Cannon  
  74  7:24  Shield Battery  
  74  7:28  Shield Battery  
  74  7:30  Twilight Council, Photon Cannon  
  74  7:31  Photon Cannon  
  74  7:34  Shield Battery  
  74  7:41  Probe (Chrono Boost)  
  76  7:51  Probe (Chrono Boost)  
  76  7:52  Photon Cannon  
  76  7:57  Probe  
  76  8:05  Blink (Chrono Boost)  
  77  8:07  Nexus  
  77  8:09  Probe  
  77  8:11  Pylon  
  78  8:14  Templar Archives  
  78  8:19  Pylon  
  78  8:21  Zealot  
  78  8:22  Zealot x2  
  84  8:33  Stalker x3  
  84  8:34  Stalker x3  
  96  8:55  Protoss Ground Armor Level 2 (Chrono Boost), Protoss Ground Weapons Level 2 (Chrono Boost)  
  94  9:30  Stargate  
  94  9:32  Stargate  
  94  9:33  Zealot  
  94  9:34  Stargate  
  94  9:36  Pylon, Stalker x2  
  94  9:37  Stalker x6  
  111  9:48  Probe  
  111  9:51  Probe  
  113  10:00  Probe  
  113  10:02  Photon Cannon  
  113  10:03  Probe  
  113  10:04  Photon Cannon  
  115  10:07  Photon Cannon  
  115  10:10  Photon Cannon, Shield Battery  
  115  10:12  Probe  
  116  10:15  Probe, Gateway  
  116  10:17  Gateway  
  116  10:19  Pylon  
  117  10:21  Pylon  
  117  10:23  Photon Cannon  
  117  10:24  Probe, Photon Cannon  
  117  10:28  Void Ray x3  
  118  10:35  Pylon  
  130  10:36  Probe  
  130  10:37  Pylon  
  130  10:41  Pylon  
  130  10:42  Fleet Beacon  
  131  10:44  Photon Cannon  
  131  10:45  Photon Cannon  
  131  10:57  Gateway  
  131  10:59  Photon Cannon  
  131  11:01  Photon Cannon  
  131  11:03  Probe  
  132  11:12  Nexus  
  132  11:14  Pylon  
  132  11:16  Pylon  
  132  11:17  Pylon  
  120  11:47  Stalker x2  
  120  11:48  Stalker x3  
  120  11:49  Stalker  
  143  12:05  Charge (Chrono Boost)  
  143  12:06  Protoss Ground Weapons Level 3 (Chrono Boost), Protoss Ground Armor Level 3 (Chrono Boost)  
  143  12:07  Carrier x3 (Chrono Boost)  
  149  12:25  Photon Cannon x2  
  149  12:36  Zealot  
  151  12:37  Zealot  
  151  12:39  Zealot  
  151  12:43  Zealot x2  
  159  12:44  Zealot  
  149  13:16  Carrier x3 (Chrono Boost)  
  167  13:21  Zealot x2  
  167  13:22  Zealot x2  
  167  13:23  Zealot  
  167  13:26  Zealot x3  
  167  13:27  Zealot x2  
  185  13:29  Zealot  
  169  14:00  Assimilator  
  169  14:05  Assimilator  
  167  14:20  Nexus  
  167  14:24  Assimilator  
  167  14:28  Assimilator  
  167  14:29  Carrier x3 (Chrono Boost)  
  167  14:35  Robotics Facility  
  167  14:36  Protoss Air Weapons Level 1 (Chrono Boost)  
  167  14:37  Nexus  
  167  14:38  Robotics Facility  
  185  14:41  Assimilator, Cybernetics Core  
  185  14:45  Assimilator  
  185  14:46  Pylon  
  185  14:48  Pylon  
  185  15:00  Pylon  
  185  15:19  Pylon  
  185  15:23  Pylon  
  185  15:32  Observer  
  185  15:33  Observer  
  187  15:40  Carrier x2  
  199  16:18  Gateway  
  199  16:20  Gateway  
  199  16:23  Gateway  
  199  16:25  Gateway  
  199  16:28  Gateway  
  199  16:31  Gateway  
  199  16:32  Gateway  
  199  16:34  Gateway  
  185  17:17  Zealot x3  
  185  17:18  Zealot x4  
  172  18:19  Zealot x6  
  184  18:20  Zealot x3  
Show
View Real Time Build Order
Export as new Build Order

jcart Zerg 

Build Orders: Hatch First, Lurkers 

Get SALT Encoding   

  12  0:06  Drone  
  13  0:12  Drone  
  14  0:18  Overlord  
  14  0:21  Extractor  
  13  0:24  Drone  
  15  0:37  Drone  
  15  0:38  Drone  
  17  0:55  Hatchery  
  16  1:00  Drone  
  17  1:14  Spawning Pool  
  17  1:15  Drone  
  17  1:19  Drone  
  17  1:22  Extractor  
  17  1:28  Drone  
  18  1:35  Overlord  
  18  1:48  Drone  
  19  1:58  Drone  
  20  2:07  Drone  
  20  2:08  Roach Warren  
  20  2:09  Drone  
  20  2:11  Queen  
  20  2:15  Drone  
  24  2:18  Extractor  
  23  2:25  Metabolic Boost  
  23  2:31  Zergling x2  
  24  2:40  Drone  
  25  2:52  Hatchery, Drone  
  25  2:58  Drone  
  26  3:06  Zergling x2  
  27  3:24  Drone x2  
  29  3:35  Drone x3  
  29  3:36  Zergling x6  
  29  3:39  Drone  
  35  4:00  Overlord  
  35  4:03  Queen  
  35  4:04  Roach  
  35  4:08  Drone x3  
  42  4:17  Queen  
  44  4:34  Roach x3  
  50  4:52  Overlord x3  
  50  4:53  Overlord x3  
  48  5:27  Zergling x4  
  48  5:28  Zergling x14  
  50  6:03  Drone x7  
  50  6:04  Drone x3  
  58  6:22  Drone  
  59  6:32  Lair  
  59  6:34  Zergling x10  
  64  6:48  Evolution Chamber, Hatchery  
  64  6:49  Hatchery, Drone x3  
  64  6:50  Evolution Chamber, Drone  
  64  6:54  Overlord x3  
  64  6:55  Overlord x2  
  64  6:56  Zergling x2  
  64  6:57  Zergling x6  
  68  7:05  Roach x3  
  74  7:12  Extractor  
  73  7:16  Drone x2  
  73  7:17  Extractor, Drone  
  73  7:20  Roach x2  
  79  7:34  Zerg Missile Weapons Level 1, Zerg Melee Weapons Level 1  
  79  7:37  Glial Reconstitution  
  79  7:43  Overlord x2  
  79  7:44  Overseer x2  
  79  7:50  Drone x4  
  83  7:52  Drone  
  83  7:56  Extractor  
  83  8:00  Baneling Nest  
  82  8:06  Drone  
  82  8:09  Drone  
  82  8:10  Drone x2  
  82  8:12  Roach x8  
  102  8:22  Zergling x22  
  112  8:45  Queen x2  
  114  8:55  Queen  
  112  9:00  Hydralisk Den  
  113  9:16  Drone x3  
  113  9:45  Roach  
  113  9:46  Hydralisk x9, Roach x6  
  143  9:55  Zergling x2  
  143  9:56  Roach  
  143  9:57  Hydralisk, Roach  
  146  10:18  Drone  
  146  10:19  Drone  
  146  10:21  Burrow  
  148  10:42  Extractor  
  147  10:48  Hydralisk x3  
  147  10:49  Hydralisk x2  
  157  10:58  Grooved Spines  
  152  11:29  Drone x3  
  148  11:45  Zergling x2  
  148  11:46  Zergling x18  
  152  11:51  Overlord  
  152  11:52  Overlord x7  
  152  12:03  Zerg Melee Weapons Level 2  
  152  12:04  Zerg Ground Armor Level 1  
  152  12:11  Infestation Pit  
  152  12:14  Lurker Den  
  150  12:17  Drone x2  
  150  12:18  Drone x6  
  158  12:23  Hatchery  
  153  12:38  Hatchery  
  146  12:54  Overseer x3  
  146  12:55  Overseer  
  138  13:14  Drone x6  
  144  13:26  Extractor  
  143  13:38  Nydus Network  
  126  13:51  Drone  
  126  13:52  Drone x5  
  126  13:54  Drone x3  
  129  14:02  Lurker x7  
  135  14:03  Lurker x3  
  135  14:05  Hydralisk x7, Zergling x2  
  135  14:06  Hydralisk x3  
  153  14:17  Drone  
  154  14:29  Hydralisk x5  
  164  14:38  Overseer x2  
  164  14:49  Zergling x2  
  164  14:50  Zergling x30  
  180  14:55  Drone  
  180  14:57  Drone  
  180  14:58  Drone  
  183  15:06  Drone  
  184  15:13  Extractor x2  
  182  15:45  Hive  
  182  15:55  Hydralisk  
  182  15:56  Infestor x2  
  186  16:00  Pathogen Glands  
  188  16:05  Infestor x2  
  192  16:14  Drone x4  
  192  16:15  Drone  
  181  16:40  Hydralisk  
  181  16:41  Hydralisk x11  
  185  16:54  Nydus Canal  
  148  16:56  Neural Parasite  
  148  16:59  Hydralisk x2  
  132  17:03  Hydralisk  
  132  17:04  Hydralisk  
  136  17:08  Zergling x2  
  136  17:09  Zergling x32  
  153  17:27  Hydralisk  
  153  17:28  Hydralisk x4  
  119  17:49  Zergling x2  
  119  17:50  Zergling x20  
  93  18:03  Hydralisk x2  
  93  18:04  Hydralisk x2  
Tags
 
Add a new tag
Caveats
  • Supply blocks, unpowered buildings, or Contaminate may cause inaccurate times.
  • Supply counts are checked every 10 seconds.